 Dungeon Crawl Stone Soup version 0.14-a0-1474-g1105da3 (webtiles) character file.

109498 HollowCharge the Fencer (level 15, 0/146 HPs)
             Began as a Minotaur Berserker on Dec 13, 2013.
             Was the Champion of Trog.
             Slain by a blue devil (4 damage)
             ... summoned by an orc sorcerer
             ... on Level 4 of the Orcish Mines on Dec 14, 2013.
             The game lasted 05:33:50 (34893 turns).

HollowCharge the Fencer (Minotaur Berserker)       Turns: 34893, Time: 05:33:50

HP   0/146       AC 24     Str 27      XL: 15   Next: 65%
MP   5/5         EV 17     Int  4      God: Trog [******]
Gold 1338        SH  0     Dex 15      Spells:  0 memorised, 14 levels left

rFire  + . .     SeeInvis .     h - +0,+3 great sword (holy)
rCold  + + .     Clarity  .     j - +5 scale mail of Virtue {rElec rC+ rN+}
rNeg   + . .     Conserve .     (no shield)
rPois  +         rCorr    .     (helmet restricted)
rElec  +         rRot     .     E - +2 cloak {rPois}
SustAb . .       Spirit   .     p - +3 pair of gauntlets of War {Acc+5 Dam+5}
rMut   .         Warding  .     (no boots)
Gourm  +         Stasis   .     P - amulet of the gourmand
                                A - ring of poison resistance
                                n - +4 ring of dexterity

@: exhausted, very slightly contaminated, slowed, very slow, quite resistant to
hostile enchantments, extremely unstealthy
A: retaliatory headbutt, horns 2, icy blue scales 1, carnivore 1, deterioration
1, fast metabolism 1, low mp 1, magic resistance 1, spit poison 1
a: Spit Poison, Burn Spellbooks, Berserk, Trog's Hand, Brothers in Arms,
Renounce Religion
}: 1/15 runes: barnacled


You were on level 4 of the Orcish Mines.
You worshipped Trog.
Trog was exalted by your worship.
You were full.

You visited 5 branches of the dungeon, and saw 29 of its levels.
You also visited: Sewer and Ossuary.

You collected 2691 gold pieces.
You spent 1353 gold pieces at shops.

Inventory:

Hand weapons
 b - a +0,+4 great sword of electrocution
 g - a +4,+4 great sword of slicing
 h - a +0,+3 great sword of holy wrath (weapon)
 L - a +3,+1 scimitar of flaming
 M - a +4,+4 scimitar of draining
Armour
 j - the +5 scale mail of Virtue (worn) {rElec rC+ rN+}
   (You found it on level 1 of the Shoals)

   It protects you from cold.
   It insulates you from electricity.
   It protects you from negative energy.
 p - the +3 pair of gauntlets of War (worn) {Acc+5 Dam+5}
   (You bought it in a shop on level 3 of the Orcish Mines)

   It affects your accuracy (+5).
   It affects your damage-dealing abilities (+5).
 y - a +1 pair of gloves
 E - a +2 cloak of poison resistance (worn)
Magical devices
 c - a wand of disintegration (14) {unknown}
Comestibles
 H - 3 pears
 I - an orange
 J - 6 bread rations
 O - 3 chokos
 Q - 2 apples
Scrolls
 e - 9 scrolls of identify
 k - 3 scrolls of fear
 B - 2 scrolls of silence
 D - 10 scrolls of remove curse
 X - 2 scrolls of magic mapping
Jewellery
 n - a +4 ring of dexterity (left hand)
 o - an uncursed amulet of clarity
 A - a ring of poison resistance (right hand)
 P - an amulet of the gourmand (around neck)
Potions
 f - 2 potions of resistance
 q - 5 potions of agility
 r - 23 potions of curing
 t - 2 potions of flight
 F - 4 potions of might
 T - a potion of speed
Miscellaneous
 a - a lamp of fire
 i - a stone of tremors
 V - a phial of floods


   Skills:
 * Level 16.9 Fighting
 + Level 18.8 Long Blades
 + Level 14.7 Armour
 + Level 13.7 Dodging


You had 14 spell levels left.
You didn't know any spells.

Dungeon Overview and Level Annotations

Branches:
Dungeon (11/16)            Temple (1/1) D:5             Orc (4/4) D:11
   Lair (8/8) D:10         Shoals (5/5) Lair:6        Snake (0/5) Lair:5
  Slime (0/6) Lair:7
    Elf: Orc:3-4

Altars:
Ashenzari
Cheibriados
Elyvilon
Fedhas
Kikubaaqudgha
Makhleb
Nemelex Xobeh
Okawaru
Sif Muna
Trog
Vehumet
Xom
Yredelemnul
Zin
the Shining One
Beogh

Shops:
D:5 *   D:7 (   D:11 /}%[   Orc:3 *+??   Shoals:1 ++(   Shoals:3 (}
Shoals:4 [

Annotations:
Lair:6 exclusion: oklob plant
Lair:7 exclusion: oklob plant
Shoals:1 Josephine, Kirke


Innate Abilities, Weirdness & Mutations

You reflexively headbutt those who attack you in melee.
You have a pair of horns on your head.
You are partially covered in icy blue scales (AC +1).
Your digestive system is specialised to digest meat.
Your body is slowly deteriorating.
You have a fast metabolism.
Your magical capacity is low (-10% MP).
You are resistant to hostile enchantments.
You can spit poison.


Message History

The chaos spawn hits you but does no damage.
The blue devil hits you.
* * * LOW HITPOINT WARNING * * *
The orc sorcerer hits you but does no damage.
The orc high priest utters an invocation to Beogh.
Things that are here:
an orcish club; an orcish ring mail You slice the chaos spawn!!
The chaos spawn convulses.
The chaos spawn is severely wounded.
The chaos spawn misses you.
The blue devil hits you but does no damage.
The orc sorcerer hits you but does no damage.
The orange demon stings you but does no damage.
The orc high priest invokes the aid of Beogh against you.
Something smites you!
* * * LOW HITPOINT WARNING * * *
You closely miss the orc sorcerer. Your headbutt misses the orc sorcerer.
The chaos spawn misses you. You furiously retaliate!
You headbutt the chaos spawn. The blue devil hits you.
You die...

3o.o.............
............. #.........#
#..o).....# #..)ยง.))).#
#...o.))..# #.....))).#
.############...[.#######
.......3@oo(oo..))))[[...
.......3o43.o.....[.[....
......4.................
..#.#..#....#.....#.#.#.
# # ####################


You could see an orc high priest, a sun demon, an orange demon, a blue devil, 2
chaos spawn, an orc sorcerer, an orc warrior (frenzied), an orc priest
(frenzied) and 2 orcs.

Vanquished Creatures
  An orc warlord (Orc:4)
  Maud (Shoals:1)
  2 merfolk impalers
  3 sirens
  Fannar (D:10)
  10 hydras
  The ghost of Pr0man the Geomancer, a powerful GrEE of Vehumet (Lair:1)
  5 death yaks (Lair:8)
  A deep troll shaman (Lair:8)
  An orc high priest (Orc:4)
  6 sea snakes
  A catoblepas (Lair:8)
  A lindwurm (Lair:8)
  Urug (Shoals:1)
  13 harpies
  2 hill giants
  3 orc knights
  3 orc sorcerers (Orc:4)
  2 griffons
  3 cyclopes
  13 elephants
  2 black mambas
  A queen ant (Lair:8)
  18 spiny frogs
  A formicid drone (D:11)
  10 komodo dragons
  28 blink frogs
  A troll (D:11)
  13 mermaids
  A boulder beetle (Lair:6)
  A grizzly bear (Lair:8)
  A basilisk (Lair:4)
  A trapdoor spider (D:10)
  3 wyverns
  47 yaks
  A wraith (D:11)
  A hill giant zombie (D:7)
  An elephant slug (Lair:8)
  A hungry ghost (D:11)
  25 merfolk
  18 wolves
  3 hogs (Shoals:1)
  A steam dragon (Lair:4)
  10 manticores
  13 soldier ants
  17 hippogriffs
  7 snapping turtles
  24 orc warriors
  7 sharks
  13 porcupines
  2 sky beasts (D:10)
  4 ice beasts
  4 phantoms
  3 nagas (Lair:5)
  4 giant goldfish
  4 black bears
  11 crocodiles
  15 ogres
  A snapping turtle zombie (Shoals:1)
  2 centaurs (D:7)
  12 water moccasins
  8 giant slugs
  A formicid (D:11)
  5 elf zombies (Ossuary)
  9 giant frogs
  3 agate snails
  A boring beetle (Lair:5)
  A troll zombie (D:11)
  A hippogriff zombie (D:10)
  2 jellyfish
  4 killer bees (D:9)
  2 goliath beetles
  8 crimson imps
  6 jellies
  3 centaur zombies
  34 orc priests
  10 hounds
  2 centaur skeletons
  A gnoll shaman (D:7)
  5 human zombies (Ossuary)
  4 big fish
  A giant frog skeleton (D:10)
  10 iguanas
  38 worker ants
  3 scorpions
  25 orc wizards
  14 sheep
  7 ogre zombies (D:11)
  A hound skeleton (D:4)
  6 mummies
  7 gnolls (D:7)
  12 adders
  4 giant centipedes
  8 giant mites
  92 green rats
  8 worms
  An adder zombie (D:8)
  2 giant eyeballs
  15 giant geckos
  3 oozes
  142 orcs
  5 ball pythons
  14 goblins
  6 grey rats (Sewer)
  18 hobgoblins
  35 jackals
  19 kobolds
  20 quokkas
  26 bats
  7 giant cockroaches
  13 giant newts
  A giant newt zombie (D:5)
  2 goblin skeletons (D:11)
  6 hobgoblin skeletons
  4 hobgoblin zombies
  2 orc skeletons (D:11)
  21 orc zombies
  25 rats
  2 bushes (Lair:8)
  10 fungi
  22 plants
1173 creatures vanquished.

Vanquished Creatures (collateral kills)
  A merfolk javelineer (Shoals:5)
  4 merfolk impalers (Shoals:5)
  A harpy (Shoals:5)
  An octopode (Shoals:5)
  A merfolk (Shoals:5)
8 creatures vanquished.

Vanquished Creatures (others)
  An adder (D:2)
  A hobgoblin (D:2)
  A giant spore (D:8)
  An orc zombie (Orc:4)
  3 fungi
  2 plants
9 creatures vanquished.

Grand Total: 1190 creatures vanquished

Notes
Turn   | Place    | Note
--------------------------------------------------------------
     0 | D:1      | HollowCharge, the Minotaur Berserker, began the quest for the Orb.
     0 | D:1      | Reached XP level 1. HP: 19/19 MP: 1/1
   228 | D:1      | Reached skill level 4 in Fighting
   243 | D:1      | Reached XP level 2. HP: 24/27 MP: 1/1
  1479 | D:2      | Reached XP level 3. HP: 33/33 MP: 2/2
  1600 | D:2      | Acquired Trog's second power
  2244 | D:2      | Found a radiant altar of Vehumet.
  2419 | D:2      | Found a shattered altar of Ashenzari.
  3258 | D:3      | Reached XP level 4. HP: 34/41 MP: 2/2
  3679 | D:3      | Noticed an ogre
  3683 | D:3      | Killed an ogre
  3683 | D:3      | Reached skill level 5 in Long Blades
  3683 | D:3      | Reached XP level 5. HP: 47/47 MP: 2/2
  4189 | D:4      | Found a glowing drain.
  4314 | Sewer    | Entered a sewer
  4318 | Sewer    | Acquired Trog's third power
  4348 | Sewer    | Reached skill level 5 in Fighting
  4473 | Sewer    | Reached XP level 6. HP: 38/56 MP: 3/3
  4933 | D:4      | Found a burning altar of Makhleb.
  5088 | D:4      | Reached skill level 6 in Long Blades
  5568 | D:5      | Entered Level 5 of the Dungeon
  5776 | D:5      | Reached XP level 7. HP: 62/62 MP: 3/3
  5890 | D:5      | Reached skill level 7 in Long Blades
  5890 | D:5      | Reached skill level 5 in Armour
  5902 | D:5      | Found a sparkling altar of Nemelex Xobeh.
  5985 | D:5      | Found Zaga's General Store.
  6201 | D:5      | Found a staircase to the Ecumenical Temple.
  6226 | Temple   | Entered the Ecumenical Temple
  6607 | D:6      | Noticed a hill giant
  6614 | D:6      | Killed a hill giant
  6614 | D:6      | Reached skill level 8 in Long Blades
  6614 | D:6      | Reached XP level 8. HP: 71/71 MP: 3/3
  6684 | D:6      | Reached skill level 5 in Dodging
  6991 | D:6      | Reached skill level 9 in Long Blades
  7180 | D:6      | Found a blossoming altar of Fedhas.
  7659 | D:6      | Reached XP level 9. HP: 71/79 MP: 4/4
  7722 | D:7      | Reached skill level 10 in Long Blades
  7809 | D:7      | Received a gift from Trog
  8013 | D:7      | Found Froene's Antique Weapon Shoppe.
  8033 | D:7      | Bought a glowing orcish falchion for 72 gold pieces
  8397 | D:7      | Found an ancient bone altar of Kikubaaqudgha.
  8497 | D:7      | Reached skill level 11 in Long Blades
  8564 | D:7      | HP: 2/82 [centaur/arrow (10)]
  8953 | D:7      | Found a sparkling altar of Nemelex Xobeh.
  9054 | D:8      | Noticed a griffon
  9062 | D:8      | Killed a griffon
  9062 | D:8      | Reached XP level 10. HP: 90/90 MP: 4/4
  9335 | D:8      | Received a gift from Trog
  9353 | D:8      | Reached skill level 12 in Long Blades
  9777 | D:8      | Found a sand-covered staircase.
  9786 | Ossuary  | Entered an ossuary
 10872 | D:9      | Reached skill level 13 in Long Blades
 11441 | D:9      | Received a gift from Trog
 11441 | D:9      | Reached XP level 11. HP: 99/99 MP: 4/4
 11636 | D:10     | Entered Level 10 of the Dungeon
 11758 | D:10     | Reached skill level 10 in Fighting
 11781 | D:10     | Noticed a hill giant
 11789 | D:10     | Paralysed by a giant eyeball for 2 turns
 11792 | D:10     | Killed a hill giant
 12096 | D:10     | Found a staircase to the Lair.
 12178 | D:10     | Gained mutation: You have a fast metabolism. [potion of mutation]
 12178 | D:10     | Gained mutation: Your body is slowly deteriorating. [potion of mutation]
 12178 | D:10     | Gained mutation: You are partially covered in icy blue scales (AC +1). [potion of mutation]
 12245 | D:10     | Noticed Fannar
 12251 | D:10     | Killed Fannar
 12517 | Lair:1   | Entered Level 1 of the Lair of Beasts
 12535 | Lair:1   | Reached skill level 14 in Long Blades
 12683 | Lair:1   | Reached skill level 10 in Armour
 12831 | Lair:1   | Noticed Pr0man's ghost (powerful GrEE)
 12844 | Lair:1   | Killed Pr0man's ghost
 13141 | Lair:1   | Received a gift from Trog
 13324 | Lair:1   | Identified a scroll of acquirement
 13670 | Lair:1   | Reached XP level 12. HP: 106/110 MP: 5/5
 13951 | Lair:2   | Reached skill level 15 in Long Blades
 14432 | Lair:2   | Found a snail-covered altar of Cheibriados.
 15143 | Lair:3   | Noticed a five-headed hydra
 15154 | Lair:3   | Killed a 11-headed hydra
 15209 | Lair:3   | Reached skill level 10 in Dodging
 16033 | Lair:3   | Received a gift from Trog
 16684 | Lair:4   | Noticed a four-headed hydra
 16693 | Lair:4   | Killed an eight-headed hydra
 16709 | Lair:4   | Noticed a seven-headed hydra
 17003 | Lair:4   | Killed a nine-headed hydra
 17244 | Lair:4   | Gained mutation: Your digestive system is specialised to digest meat. [potion of mutation]
 17244 | Lair:4   | Gained mutation: Your magical capacity is low (-10% MP). [potion of mutation]
 17340 | Lair:4   | Received a gift from Trog
 17367 | Lair:4   | Reached skill level 16 in Long Blades
 17700 | Lair:4   | Noticed an eight-headed hydra
 17706 | Lair:4   | Killed a ten-headed hydra
 18477 | Lair:5   | Found a staircase to the Snake Pit.
 19289 | Lair:5   | Reached XP level 13. HP: 118/118 MP: 4/4
 20772 | Lair:6   | Found a staircase to the Shoals.
 20840 | Shoals:1 | Entered Level 1 of the Shoals
 21020 | Shoals:1 | Got a faintly humming scale mail
 21035 | Shoals:1 | Identified the cursed +5 scale mail of Virtue {rElec rC+ rN+} (You found it on level 1 of the Shoals)
 21058 | Shoals:1 | Found Cixao's Book Boutique.
 21083 | Shoals:1 | Noticed Kirke
 21084 | Shoals:1 | Noticed Josephine
 21422 | Shoals:1 | Found Gumn's Antique Weapon Shoppe.
 21558 | Shoals:1 | Noticed Urug
 21570 | Shoals:1 | Killed Urug
 21579 | Shoals:1 | Found Huawk's Book Boutique.
 21599 | Shoals:1 | Noticed Maud
 21645 | Shoals:1 | Killed Maud
 22300 | Shoals:2 | Received a gift from Trog
 22300 | Shoals:2 | Reached skill level 17 in Long Blades
 23866 | Shoals:3 | Found Neogg's Weapon Shop.
 24432 | Shoals:3 | Reached XP level 14. HP: 75/130 MP: 4/4
 24837 | Shoals:3 | Received a gift from Trog
 24917 | Shoals:3 | Found Shumeoghoe's Gadget Shoppe.
 25590 | Shoals:4 | Found Uluva's Antique Armour Boutique.
 25609 | Shoals:5 | Entered Level 5 of the Shoals
 26102 | Shoals:5 | Got a barnacled rune of Zot
 26316 | Lair:6   | Reached skill level 18 in Long Blades
 26458 | Lair:6   | Reached skill level 15 in Fighting
 26535 | Lair:6   | Received a gift from Trog
 27637 | Lair:7   | Found a staircase to the Slime Pits.
 27643 | Lair:7   | Received a gift from Trog
 27732 | Lair:7   | Got a pair of transparent boots
 27735 | Lair:7   | Identified the -6 pair of boots of the Lotus Blossom {Str+3} (You acquired it on level 7 of the Lair of Beasts)
 28486 | Lair:8   | Entered Level 8 of the Lair of Beasts
 28992 | Lair:8   | Reached XP level 15. HP: 95/143 MP: 5/5
 29185 | Lair:8   | Received a gift from Trog
 30129 | Lair:8   | Got a bone falchion
 30142 | Lair:8   | Identified the +7,+3 falchion of Suull {flame, rElec rF+ SInv} (You found it on level 8 of the Lair of Beasts)
 30357 | Lair:8   | Gained mutation: You are resistant to hostile enchantments. [potion of mutation]
 30357 | Lair:8   | Gained mutation: You can spit poison. [potion of mutation]
 30805 | Lair:5   | Noticed a seven-headed hydra
 30815 | Lair:5   | Killed a four-headed hydra
 31083 | D:11     | Found Dyonomou's Magical Wand Emporium.
 31152 | D:11     | Found a staircase to the Orcish Mines.
 31635 | D:11     | Received a gift from Trog
 31834 | D:11     | Found Xanlizomm's Gadget Shop.
 31934 | D:11     | Found Kamorhio's Armour Emporium.
 31960 | D:11     | Found Robush's Food Shop.
 32448 | Orc:1    | Entered Level 1 of the Orcish Mines
 32577 | Orc:1    | Found a frozen archway.
 32887 | Orc:1    | Received a gift from Trog
 32973 | Orc:1    | Upgraded the game from 0.14-a0-1444-g21dc12d to 0.14-a0-1474-g1105da3
 33144 | Orc:3    | Found Cry Wyxa's Book Emporium.
 33144 | Orc:3    | Found Plidioda's Magic Scroll Emporium.
 33144 | Orc:3    | Found Shraal's Magic Scroll Shop.
 33183 | Orc:3    | Bought a scroll of identify for 28 gold pieces
 33205 | Orc:3    | Found Piesol Kada's General Store.
 33241 | Orc:3    | Bought a scroll of enchant armour for 99 gold pieces
 33241 | Orc:3    | Bought a scroll of enchant armour for 99 gold pieces
 33241 | Orc:3    | Bought a scroll of identify for 36 gold pieces
 33271 | Orc:3    | Bought a scroll of blinking for 93 gold pieces
 33271 | Orc:3    | Bought a potion of heal wounds for 51 gold pieces
 33271 | Orc:3    | Bought the +3 pair of gauntlets of War {Acc+5 Dam+5} for 875 gold pieces
 33491 | Orc:3    | Found a roughly hewn altar of Beogh.
 33719 | Orc:3    | Found a roughly hewn altar of Beogh.
 33760 | Orc:3    | Received a gift from Trog
 33859 | Orc:4    | Entered Level 4 of the Orcish Mines
 34104 | Orc:4    | Found a bloodstained altar of Trog.
 34892 | Orc:4    | HP: 4/146 [orc high priest/divine providence (16)]
 34893 | Orc:4    | Slain by a blue devil

Action                   |  1- 3 |  4- 6 |  7- 9 | 10-12 | 13-15 || total
-------------------------+-------+-------+-------+-------+-------++-------
Melee: Falchion          |    85 |   205 |   280 |   340 |       ||   910
       Great sword       |       |       |       |   360 |  1072 ||  1432
       Scimitar          |       |       |       |   261 |   448 ||   709
Invok: Berserk           |     1 |     3 |     7 |    18 |    26 ||    55
       Burn Spellbooks   |       |       |     1 |     2 |     5 ||     8
       Trog's Hand       |       |       |       |       |     2 ||     2
       Brothers in Arms  |       |       |       |       |     1 ||     1
 Abil: Spit Poison       |       |       |       |       |     1 ||     1
Evoke: Wand              |       |       |       |     6 |    21 ||    27
  Use: Potion            |     1 |       |     1 |    18 |     8 ||    28
       Scroll            |       |    17 |     3 |    20 |    41 ||    81
